 Dungeon Crawl Stone Soup version 0.26-a0-651-gb41185065b (webtiles) character file.

Game seed: 11037024870281492562

1670 Ozzies the Fighter (level 9, 0/60 HPs)
             Began as a Gargoyle Fighter on Oct 7, 2020.
             Was a Follower of Okawaru.
             Slain by an ancient zyme (4 damage)
             ... on level 1 of the Abyss.
             The game lasted 00:09:11 (6736 turns).

Ozzies the Fighter (Gargoyle Fighter)               Turns: 6736, Time: 00:09:11

Health: 0/60       AC: 19    Str: 23    XL:     9   Next: 1%
Magic:  11/11      EV:  8    Int:  9    God:    Okawaru [*.....]
Gold:   314        SH: 10    Dex:  9    Spells: 8/8 levels left

rFire    . . .     SeeInvis .   r - +2 mace (vorpal)
rCold    . . .     Faith    .   c - +0 kite shield
rNeg     + . .     Spirit   .   b - +0 scale mail
rPois    ∞         Reflect  .   (no helmet)
rElec    +         Harm     .   (no cloak)
rCorr    .         Rampage  .   w - +2 pair of gloves
MR       +....                  g - +1 pair of boots
Stlth    +.........             (no amulet)
HPRegen  0.20/turn              y - ring of stealth
MPRegen  0.12/turn              K - ring of protection from magic

@: very slightly contaminated
A: negative energy resistance 1, electricity resistance, unbreathing,
petrification resistance, rot immunity, AC +6
a: Heroism, Renounce Religion


You were on level 1 of the Abyss.
You worshipped Okawaru.
Okawaru was aware of your devotion.
You visited 2 branches of the dungeon, and saw 8 of its levels.
You visited the Abyss 1 time.
You also visited: Sewer.

You collected 314 gold pieces.

Inventory:

Hand Weapons
 a - a +0 flail
 r - a +2 vorpal mace (weapon)
Missiles
 H - 14 sling bullets
 I - 143 stones (quivered)
Armour
 b - a +0 scale mail (worn)
 c - a +0 kite shield (worn)
 g - a +1 pair of boots (worn)
 o - a +0 pair of gloves
 w - a +2 pair of gloves (worn)
 B - a +0 plate armour
Jewellery
 t - an uncursed ring of ice
 y - a ring of stealth (left hand)
 E - a +6 ring of intelligence
 K - a ring of protection from magic (right hand)
 M - an uncursed ring of protection from fire {unknown}
Wands
 e - a wand of disintegration (5)
 L - a wand of random effects (46)
Scrolls
 f - 2 scrolls of magic mapping
 h - 2 scrolls of amnesia {unknown}
 i - a scroll of random uselessness {unknown}
 j - 6 scrolls of identify {unknown}
 n - 6 scrolls of remove curse
 q - 3 scrolls of enchant weapon {unknown}
 s - 2 scrolls of fear {unknown}
 v - 2 scrolls of blinking {unknown}
 C - 4 scrolls of teleportation {unknown}
 D - a scroll of fog {unknown}
 G - a scroll of enchant armour {unknown}
 J - a scroll of noise {unknown}
 N - a scroll of vulnerability {unknown}
Potions
 d - a potion of might {@q3 !q}
 k - 2 potions of mutation {unknown}
 l - 2 potions of lignification {unknown}
 m - a potion of cancellation {unknown}
 p - 2 potions of magic {unknown}
 u - 6 potions of heal wounds {unknown}
 x - a potion of brilliance {unknown}
 z - 4 potions of flight {unknown}
 A - 4 potions of curing {unknown}
 F - 2 potions of resistance {unknown}


   Skills:
 + Level 8.6 Fighting
 + Level 5.8 Maces & Flails
 - Level 5.0 Armour
 - Level 2.0 Dodging
 - Level 5.0 Shields
 - Level 3.0 Invocations


You had 8 spell levels left.
You didn't know any spells.
Your spell library contained the following spells:

 Spells                   Type           Power        Failure   Level
 Magic Dart               Conj           #...         98%         1
 Sandblast                Erth           #.....       98%         1
 Sting                    Tmut/Pois      #...         98%         1
 Summon Small Mammal      Summ           #...         98%         1
 Blink                    Tloc           N/A          99%         2
 Call Imp                 Summ           #.......     99%         2
 Passwall                 Tmut/Erth      #.......     99%         2
 Poisonous Vapours        Pois/Air       #.....       99%         2
 Slow                     Hex            #.......     99%         2
 Call Canine Familiar     Summ           #.......     100%        3
 Conjure Flame            Conj/Fire      #.......     100%        3
 Ignite Poison            Fire/Tmut/Pois #.......     100%        3
 Mephitic Cloud           Conj/Pois/Air  #.......     100%        3
 Stone Arrow              Conj/Erth      #.....       100%        3
 Summon Guardian Golem    Hex/Summ       #.......     100%        3
 Olgreb's Toxic Radiance  Pois           #.......     100%        4
 Petrify                  Tmut/Erth      #.......     100%        4
 Summon Ice Beast         Ice/Summ       #.......     100%        4
 Summon Lightning Spire   Summ/Air       #.......     100%        4
 Lee's Rapid Deconstruct  Erth           #.........   100%        5


Dungeon Overview and Level Annotations

Branches:
Dungeon (7/15)             Temple (1/1) D:5           Sewer (visited)

Altars:
Ashenzari
Cheibriados
Dithmenos
Elyvilon
Fedhas
Gozag
Hepliaklqana
Kikubaaqudgha
Makhleb
Nemelex Xobeh
Okawaru
Qazlal
Ru
Sif Muna
Trog
Uskayaw
Vehumet
Wu Jian
Xom
Yredelemnul
Zin

Shops:
D:4 (

Annotations:
D:7 Joseph


Innate Abilities, Weirdness & Mutations

You are resistant to torment.
Your stone body is resilient. (AC +6)
You are immune to poison.
You resist negative energy. (rN+)
You are resistant to electric shocks. (rElec)
You can survive without breathing.
You are immune to petrification.
You are immune to rotting.


Message History

To return, you must find a gate leading back.
Killing monsters will force the Abyss to allow you passage.
This branch contains the abyssal rune of Zot.
Found a hardcover book.
Found a corrupted altar of Lugonu.
Found a murky silvery potion.
You pick up a book of Callings and begin reading...
You add the spells Summon Small Mammal, Call Canine Familiar, Summon Guardian Golem, Summon Lightning Spire and Summon Ice Beast to your library.
Found a glowing rapier.
z - 4 murky silvery potions (gained 1)
Found 14 stones.
The chaos spawn roars deafeningly!
Found 11 gold pieces.
You see here 14 stones.
You hit the chaos spawn.
The chaos spawn is lightly wounded.
You block the chaos spawn's attack.
You hit the chaos spawn.
The chaos spawn is moderately wounded.
You block the chaos spawn's attack.
You hit the chaos spawn.
The chaos spawn is moderately wounded.
The chaos spawn hits you.
You fade into invisibility!
You are very lightly contaminated with residual magic.
Your scale mail prevents you from hitting the chaos spawn.
The chaos spawn is moderately wounded.
The chaos spawn gores you! The chaos spawn freezes you!
You hit the chaos spawn.
The chaos spawn is heavily wounded.
The chaos spawn gores you but does no damage.
The chaos spawn closely misses you.
You are too injured to fight recklessly!
You hit the chaos spawn.
The chaos spawn is severely wounded.
The chaos spawn gores you. The chaos spawn freezes you!
* * * LOW HITPOINT WARNING * * *
The small abomination barely misses you.
You closely miss the chaos spawn.
The chaos spawn is severely wounded.
The chaos spawn gores you but does no damage.
The small abomination hits you but does no damage.
You barely miss the chaos spawn.
The chaos spawn is severely wounded.
You block the chaos spawn's attack. The small abomination hits you!
* * * LOW HITPOINT WARNING * * *
You hit the chaos spawn.
The chaos spawn is almost dead.
The chaos spawn barely misses you.
You block the small abomination's attack.
You hit the chaos spawn.
The chaos spawn is almost dead.
The chaos spawn gores you but does no damage.
You block the small abomination's attack.
You hit the chaos spawn.
You kill the chaos spawn!
Okawaru is honoured by your kill.
The chaos spawn degenerates into a cloud of primal chaos!
You have reached level 9!
Your experience leads to an increase in your attributes!
Increase (s)trength, (i)ntelligence, or (d)exterity?
You feel stronger.
You flicker for a moment.
The small abomination barely misses you.
You hit the small abomination.
The small abomination is lightly damaged.
The small abomination barely misses you.
Your shield prevents you from hitting the small abomination.
The small abomination is lightly damaged.
You block the small abomination's attack.
You sock the small abomination!
The small abomination is heavily damaged.
The small abomination hits you but does no damage.
You thump the small abomination!
The small abomination is severely damaged.
You flicker back into view.
The small abomination completely misses you.
Your shield prevents you from hitting the small abomination.
The small abomination is severely damaged.
You block the small abomination's attack.
An ancient zyme comes into view.
You hit the small abomination but do no damage.
The small abomination is severely damaged.
The small abomination hits you.
* * * LOW HITPOINT WARNING * * *
You hit the small abomination.
The small abomination is almost destroyed.
The small abomination hits you!
* * * LOW HITPOINT WARNING * * *
The small abomination hits you but does no damage.
You hit the small abomination but do no damage.
The small abomination is almost destroyed.
The small abomination hits you.
* * * LOW HITPOINT WARNING * * *
You sock the small abomination!
You destroy the small abomination!
Okawaru accepts your kill.
An ancient zyme is nearby!
You hit the ancient zyme but do no damage.
The ancient zyme hits you.
You die...

..... . . . . ..
#. ...........##
## . ...........#
... .
............#.$..
.. .......#..#...
. ...#..........#
.............. ..
## ###.....x#####
#....@.# #......#
#......# #......#
######.# .# .. ..


You could see an ancient zyme.

Vanquished Creatures
  Sigmund (D:2)
  A chaos spawn (Abyss:1)
  An ice beast (D:5)
  A sky beast (D:6)
  An ogre (D:3)
  A big kobold (Sewer)
  2 bullfrogs (D:6)
  4 wights (D:7)
  2 howler monkeys
  An orc priest (D:3)
  A quasit (D:4)
  A centaur zombie (D:5)
  A jelly (D:7)
  A hound (D:4)
  An orc wizard (D:4)
  2 centaur skeletons
  Jessica (D:3)
  5 worker ants
  A small abomination (Abyss:1)
  A hound skeleton (D:5)
  11 adders
  A river rat (Sewer)
  2 shadow imps (D:5)
  2 white imps
  2 ufetubi (D:5)
  An ooze (D:6)
  An adder zombie (D:5)
  4 worms
  3 dart slugs
  2 leopard geckos
  6 orcs
  7 giant cockroaches
  8 hobgoblins
  6 jackals
  10 kobolds
  3 quokkas
  3 ball pythons
  9 bats
  5 frilled lizards
  9 goblins
  A jackal skeleton (D:4)
  A quokka skeleton (D:5)
  14 rats
141 creatures vanquished.

Notes
Turn   | Place    | Note
-------+----------+-------------------------------------------
     0 | D:1      | Ozzies the Gargoyle Fighter began the quest for the Orb.
     0 | D:1      | Reached XP level 1. HP: 14/14 MP: 1/1
    17 | D:1      | Reached XP level 2. HP: 15/20 MP: 2/2
    30 | D:1      | Reached skill level 4 in Fighting
   508 | D:1      | Reached XP level 3. HP: 21/24 MP: 3/3
   882 | D:2      | Reached skill level 5 in Fighting
   952 | D:2      | Noticed Sigmund
   959 | D:2      | Killed Sigmund
   959 | D:2      | Reached skill level 1 in Dodging
   959 | D:2      | Reached XP level 4. HP: 26/32 MP: 4/4
   959 | D:2      | Reached XP level 5. HP: 29/36 MP: 5/5
  1186 | D:2      | Found a bloodstained altar of Trog.
  1373 | D:2      | Reached XP level 6. HP: 32/41 MP: 6/6
  2028 | D:3      | Noticed Jessica
  2032 | D:3      | Killed Jessica
  2032 | D:3      | Reached skill level 6 in Fighting
  2406 | D:4      | Found Wasaz's Weapon Shop.
  2660 | D:4      | Reached XP level 7. HP: 38/47 MP: 7/7
  3650 | D:4      | Got a transparent robe
  3660 | D:4      | Identified the +1 robe of the Valley of Death {-Cast rElec
                  | rF+++ Dex-5} (You found it on level 4 of the Dungeon)
  3741 | D:5      | Entered Level 5 of the Dungeon
  3918 | D:5      | Reached skill level 7 in Fighting
  4250 | D:5      | Found a hazy altar of Hepliaklqana.
  4255 | D:5      | Found a staircase to the Ecumenical Temple.
  4264 | Temple   | Entered the Ecumenical Temple
  4487 | Temple   | Became a worshipper of Warmaster Okawaru
  4575 | D:5      | Reached XP level 8. HP: 49/53 MP: 8/8
  4864 | D:6      | Reached skill level 5 in Armour
  4864 | D:6      | Reached skill level 5 in Shields
  4864 | D:6      | Reached skill level 1 in Invocations
  4890 | D:6      | Found a glowing drain.
  4906 | Sewer    | Entered a sewer
  5037 | Sewer    | Found a white marble altar of Elyvilon.
  5117 | D:6      | Found an ancient bone altar of Kikubaaqudgha.
  5487 | D:6      | Reached skill level 8 in Fighting
  6210 | D:7      | Reached skill level 5 in Maces & Flails
  6241 | D:7      | Reached * piety under Okawaru
  6674 | D:7      | Noticed Joseph
  6681 | D:7      | Cast into level 1 of the Abyss (Joseph)
  6682 | Abyss:1  | Found a corrupted altar of Lugonu.
  6726 | Abyss:1  | Reached XP level 9. HP: 11/60 MP: 11/11
  6731 | Abyss:1  | Noticed an ancient zyme
  6734 | Abyss:1  | HP: 3/60 [small abomination (1)]
  6736 | Abyss:1  | Slain by an ancient zyme

Illustrated notes

Levels and vault maps discovered:
D:1:      dpeg_arrival_tiny_i, layout_rooms
D:2:      kennysheep_big_flooded_room, layout_basic, bloody_trog, uniq_sigmund
D:3:      layout_basic, uniq_jessica
D:4:      layout_gridville, serial_shops, nicolae_shop_statue_plus,
          hangedman_minor_gate_pass
D:5:      layout_basic, lemuel_doored_altar, minmay_temple_entry_offerings,
          minmay_misc_feat_room
D:6:      layout_loops_ring, old_standard_altar, portal_sewer_entry_a,
          wad_rectangle_vault
D:7:      layout_basic, uniq_joseph
Temple:   dpeg_five_rooms_temple
Abyss:1:  base:
D:12

Skill      XL: |  1  2  3  4  5  6  7  8 |
---------------+-------------------------+-----
Fighting       | 4 5 6 7 8 |  8.6
Dodging        | 1 2 |  2.0
Shields        | 4 5 |  5.0
Armour         | 4 5 |  5.0
Maces & Flails | 3 5 |  5.8
Invocations    | 3 |  3.0

Action                   |  1- 3 |  4- 6 |  7- 9 || total
-------------------------+-------+-------+-------++-------
Melee: Flail             |   128 |    51 |       ||   179
       Mace              |       |    77 |   288 ||   365
  Use: Scroll            |       |       |     3 ||     3
Armor: Scale mail        |    72 |   100 |   190 ||   362
Dodge: Dodged            |    40 |    54 |   113 ||   207
Block: Kite shield       |    75 |    95 |   176 ||   346

Table legend: (Time is in decaauts)
 A = Elapsed time spent in this place.
 B = Non-inter-level travel time spent in this place.
 C = Inter-level travel time spent in this place.
 D = Time resting spent in this place.
 E = Time spent auto-exploring this place.
 F = Levels seen in this place.
 G = Mean time per level.
                   A        B        C        D        E       F      G
               +--------+--------+--------+--------+--------+-----+--------+
         Total |   6928 |   6534 |    394 |   1096 |   4206 |  10 |  692.8 |
       Dungeon |   6379 |   6069 |    310 |   1096 |   3889 |   7 |  911.3 |
        Temple |    273 |    190 |     83 |      0 |    189 |   1 |  273.0 |
         Abyss |     58 |     58 |      0 |      0 |      0 |   1 |   58.0 |
         Sewer |    216 |    216 |      0 |      0 |    128 |   1 |  216.0 |
               +--------+--------+--------+--------+--------+-----+--------+

Top non-repeatable levels by time:
     D:6: 1492 daAuts
     D:3: 1138 daAuts
     D:4: 1080 daAuts
     D:2: 875 daAuts
     D:5: 820 daAuts
     D:1: 748 daAuts
  Temple: 273 daAuts
     D:7: 223 daAuts
   Sewer: 216 daAuts
 Abyss:1: 58 daAuts
